 Dungeon Crawl Stone Soup version 0.30-a0-358-g0d69a1922f (console) character file.

Game seed: 4524264646163250250

231 petzl the Sneak (level 6, -1/49 HPs)
             Began as a Formicid Delver on Nov 10, 2022.
             Succumbed to a water moccasin's poison
             ... on level 6 of the Dungeon on Nov 13, 2022.
             The game lasted 00:14:30 (2020 turns).

petzl the Sneak (Formicid Delver)                   Turns: 2020, Time: 00:14:30

Health: -1/49      AC:  5    Str: 17    XL:     6   Next: 24%
Magic:  9/9        EV: 11    Int: 11    God:
Gold:   98         SH:  0    Dex: 15    Spells: 9/9 levels left

rFire   . . .      SeeInvis +    b - +0 rapier
rCold   . . .      Faith    .    (no shield)
rNeg    . . .      Spirit   .    m - +0 ring mail
rPois   .          Reflect  .    (helmet unavailable)
rElec   .          Harm     .    (no cloak)
rCorr   .          Rampage  .    (no gloves)
Will    .....                    (no boots)
Stlth   +++.......               k - amulet of magic regeneration
HPRegen 0.28/turn                (no ring)
MPRegen 0.51/turn                (no ring)

@: lethally poisoned (-1 -> -18)
A: permanent stasis, dig shafts and tunnels, antennae 3, four strong arms
a: Dig, Shaft Self


You were on level 6 of the Dungeon.
You visited 2 branches of the dungeon, and saw 8 of its levels.

You collected 98 gold pieces.

Inventory:

Hand Weapons
 a - a +0 shortbow
 b - a +0 rapier (weapon)
 h - a +2 flail of protection
 l - a +0 trident
 o - a +2 short sword of speed
Missiles
 i - a throwing net
 p - 9 poisoned darts
Armour
 m - a +0 ring mail (worn)
 n - a +0 leather armour
Jewellery
 k - an amulet of magic regeneration (around neck)
Wands
 f - a wand of digging (7)
 g - a wand of light (8)
Scrolls
 c - a scroll of fog
 d - 2 scrolls of magic mapping
 j - a scroll of identify


   Skills:
 + Level 4.3 Fighting
 - Level 2.5 Maces & Flails
 * Level 1.3 Ranged Weapons
 + Level 2.8 Dodging
 + Level 6.9 Stealth
 * Level 2.4 Spellcasting


You had 9 spell levels left.
You didn't know any spells.
Your spell library was empty.

Dungeon Overview and Level Annotations

Branches:
Dungeon (9/15)             Temple (1/1) D:5
   Lair: D:8-11         Orc: D:9-12

Altars:
Ashenzari
Fedhas
Gozag
Kikubaaqudgha
Makhleb
Nemelex Xobeh
Okawaru
Qazlal
Sif Muna
Trog
Uskayaw
Wu Jian
Xom
Zin
The Shining One

Annotations:
D:3 exclusion: adder
D:5 exclusions: downstairs and gnoll
D:7 exclusion: downstairs
D:8 exclusion: orc warrior


Innate Abilities, Weirdness & Mutations

You cannot be hasted, slowed, berserked, paralysed or teleported.
You can dig through walls and to a lower floor.
You have a pair of large antennae on your head. (SInv)
Your four strong arms can wield two-handed weapons with a shield.


Message History

You are poisoned.
The water moccasin poisons you!
You feel less confused.
You feel very sick.
The water moccasin bites you but does no damage.
The ice beast closely misses you.
Are you sure you want to shaft yourself?
You feel very sick. The water moccasin misses you.
The orc hits you but does no damage. x2; The ice beast hits you.
The ice beast freezes you!
You begin to dig a shaft.
You continue digging a shaft.
You feel sick. The water moccasin bites you. The orc hits you with a +0 dagger.
The water moccasin bites you!
* * * LOW HITPOINT WARNING * * *
You are lethally poisoned!
The water moccasin poisons you! The ice beast closely misses you.
A shaft appears beneath you!
You fall into a shaft and drop 1 floor!
The shaft crumbles and collapses.
* * * LOW HITPOINT WARNING * * *
You feel very sick.
Found an escape hatch in the floor.
You aren't carrying any potions.
Nothing quivered!
You can't go down here!
Unknown command.
Unknown command.
Unknown command.
You are not religious.
Unknown command.
Unknown command.
Unknown command.
Unknown command.
Unknown command.
Unknown command.
Unknown command.
Unknown command.
Unknown command.
Unknown command.
Unknown command.
You die...

..... .... ... ..##+##
#.....# #.....# #.....#
.... #..@>.# ......
#.....# ......# #.....#
+###+##......# #.....#
.............# +.....#
.............# #.....#
.............# #.....#
.............# #.....#
.............# {
.............+ .....zl
.............# ...z...
+#######.....# .......
.......#.....# .......
.......#.....# .......
.......#.....# .......
.......#.....####.......
#####..#.........#
###..######....#
#.........#....#


There were no monsters in sight!

Vanquished Creatures
  A centaur (D:5)
  A scorpion (D:6)
  A hound (D:4)
  An orc wizard (D:7)
  An adder (D:6)
  9 orcs
  3 ball pythons (D:4)
  A giant cockroach (D:4)
18 creatures vanquished.

Notes
Turn   | Place    | Note
-------+----------+-------------------------------------------
     0 | D:5      | petzl the Formicid Delver began the quest for the Orb.
     0 | D:5      | Reached XP level 1. HP: 18/18 MP: 1/1
    24 | D:4      | Found a hide-covered altar of Uskayaw.
    25 | D:4      | Found an iron altar of Okawaru.
   140 | D:4      | Noticed a hound
   142 | D:4      | Killed a hound
   143 | D:4      | Reached XP level 2. HP: 25/25 MP: 2/2
   143 | D:4      | Reached XP level 3. HP: 30/30 MP: 3/3
   413 | D:4      | You fall into a shaft and drop 2 floors!
   523 | D:6      | Reached XP level 4. HP: 23/37 MP: 4/4
   653 | D:6      | Noticed a wight
   653 | D:6      | Noticed a wight
   656 | D:6      | Noticed a steam dragon
   707 | D:6      | Noticed an ice beast
   788 | D:5      | Noticed a centaur
   800 | D:5      | Killed a centaur
   801 | D:5      | Reached skill level 1 in Spellcasting
   801 | D:5      | Reached XP level 5. HP: 26/42 MP: 4/7
   866 | D:5      | Found a bloodstained altar of Trog.
   881 | D:5      | You fall into a shaft and drop 2 floors!
   968 | D:7      | Noticed a sky beast
   985 | D:7      | Found a sparkling altar of Nemelex Xobeh.
  1048 | D:9      | Noticed an orc warrior
  1130 | D:8      | Noticed an orc warrior
  1175 | D:7      | Noticed a sky beast
  1268 | D:7      | Found a blossoming altar of Fedhas.
  1416 | D:7      | Noticed an ice beast
  1438 | D:6      | Noticed a water moccasin
  1444 | D:5      | Found a staircase to the Ecumenical Temple.
  1447 | D:5      | You fall into a shaft and drop 2 floors!
  1555 | D:6      | Reached skill level 1 in Ranged Weapons
  1555 | D:6      | Reached XP level 6. HP: 32/49 MP: 9/9
  1699 | Temple   | Entered the Ecumenical Temple
  2019 | D:5      | You fall into a shaft and drop 1 floor!
  2020 | D:6      | Succumbed to a water moccasin's poison

Illustrated notes

Levels and vault maps discovered:
D:3:      layout_rooms, mainiacjoe_overflow_boulevard,
          lemuel_coloured_pillars_altar, chequers_avenue, dk_noncrumbling_4,
          nicolae_concentric_dashed_squares_wild, minmay_snake_closets
D:4:      layout_basic, mainiacjoe_overflow_alcove_1, mainiacjoe_overflow_paths
D:5:      layout_basic, nicolae_overflow_hidden_temple, lemuel_round_altar,
          temple_statues, hangedman_abyss_or_decor_lesser_grid,
          kennysheep_small_square
D:6:      layout_gridville
D:7:      layout_basic, fedhas_altar_1, lemuel_crystal_altar,
          kennysheep_little_box, hangedman_misty_isle
D:8:      minmay_bloctagon, layout_basic
D:9:      layout_cave_pools, lemuel_zombie_altar_yredelemnul,
          hangedman_glass_teeth, hex_medium
Temple:   hellmonk_temple_flake

Skill      XL: |  1  2  3  4  5 |
---------------+----------------+-----
Dodging        | 2 |  2.8
Fighting       | 4 |  4.3
Spellcasting   | 1 2 |  2.4
Ranged Weapons | 1 |  1.3
Maces & Flails | |  2.5
Stealth        | |  6.9

Action                   |  1- 3 |  4- 6 || total
-------------------------+-------+-------++-------
Melee: Mace              |    24 |       ||    24
       Rapier            |       |    40 ||    40
       Punch             |       |     1 ||     1
 Fire: Shortbow          |       |    21 ||    21
Throw: Throwing net      |     2 |     2 ||     4
       Dart              |       |    11 ||    11
 Abil: Shaft Self        |     1 |     3 ||     4
       Dig               |       |     2 ||     2
Evoke: Wand              |     2 |       ||     2
  Use: Scroll            |       |     2 ||     2
 Stab: Sleeping          |       |     1 ||     1
Armor: Leather armour    |     6 |       ||     6
       Ring mail         |       |    31 ||    31
Dodge: Dodged            |    16 |    61 ||    77

Table legend: (Time is in decaauts)
 A = Elapsed time spent in this place.
 B = Non-inter-level travel time spent in this place.
 C = Inter-level travel time spent in this place.
 D = Time resting spent in this place.
 E = Time spent auto-exploring this place.
 F = Levels seen in this place.
 G = Mean time per level.
                   A        B        C        D        E       F      G
               +--------+--------+--------+--------+--------+-----+--------+
         Total |   2043 |   2032 |     11 |    716 |    370 |   8 |  255.4 |
       Dungeon |   1733 |   1722 |     11 |    558 |    241 |   7 |  247.6 |
        Temple |    309 |    309 |      0 |    158 |    129 |   1 |  309.0 |
               +--------+--------+--------+--------+--------+-----+--------+

Top non-repeatable levels by time:
     D:7: 568 daAuts
     D:6: 470 daAuts
     D:4: 371 daAuts
  Temple: 309 daAuts
     D:5: 206 daAuts
     D:8: 73 daAuts
     D:3: 34 daAuts
     D:9: 8 daAuts
